 Dungeon Crawl Stone Soup version 0.31-a0-271-gb88eb75e06 (webtiles) character file.

Game seed: 11198966512236151216

65 qw the Shooter (level 3, 0/29 HPs)
             Began as a Minotaur Hexslinger on July 14, 2023.
             Slain by a hobgoblin (2 damage)
             ... led by Robin
             ... on level 2 of the Dungeon.
             The game lasted 00:00:28 (686 turns).

qw the Shooter (Minotaur Hexslinger)                 Turns: 686, Time: 00:00:29

Health: 0/29       AC:  5    Str: 12    XL:     3   Next: 92%
Magic:  3/3        EV: 11    Int: 10    God:
Gold:   101        SH:  0    Dex: 14    Spells: 3/4 levels left

rFire   . . .        Y - +3 sling
rCold   . . .        (no shield)
rNeg    + . .        k - +0 ring mail
rPois   .            (helmet restricted)
rElec   .            (no cloak)
rCorr   .            (no gloves)
SInv    .            (no boots)
Will    .....        (no amulet)
Stlth   +            j - ring of positive energy
HPRegen 0.24/turn    (no ring)
MPRegen 0.08/turn

%: no passive effects
@: no status effects
A: horns 2, retaliatory headbutt
a: no special abilities


You were on level 2 of the Dungeon.
You visited 1 branch of the dungeon, and saw 2 of its levels.

You collected 101 gold pieces.


Innate Abilities, Weirdness & Mutations

You have a pair of horns on your head.
You reflexively headbutt those who attack you in melee.


   Skills:
 - Level 2.0 Fighting
 + Level 4.2 Ranged Weapons
 - Level 1.0 Armour
 - Level 2.1 Dodging
 - Level 1.0 Spellcasting
 - Level 2.0 Hexes


You had 3 spell levels left.
You knew the following spells:

 Your Spells              Type           Power      Damage    Failure   Level
a - Slow                  Hex            16%        N/A       34%         1

Your spell library contained the following spells:

 Spells                   Type           Power      Damage    Failure   Level
 Inner Flame              Hex/Fire       2%         N/A       83%         3
 Portal Projectile        Hex/Tloc       4%         N/A       83%         3
 Cause Fear               Hex            2%         N/A       98%         4

Inventory:

Hand Weapons
 Y - a +3 sling (weapon)
Armour
 k - a +0 ring mail (worn)
Jewellery
 j - a ring of positive energy (left hand)
Potions
 a - a potion of resistance {unknown}
 b - 2 potions of might {unknown}
 d - 2 potions of mutation {unknown}
 e - a potion of heal wounds {unknown}

Dungeon Overview and Level Annotations

Branches:
Dungeon (2/15)

Altars:

Annotations:
D:2 Robin


Message History

Robin throws the goblin at you!
You shoot a sling bullet. The sling bullet hits the goblin.
You kill the goblin!
Robin says, "Duck!"
The hobgoblin misses you.
The goblin hits you but does no damage. x2
The goblin misses you.
You shoot a sling bullet.
The sling bullet hits the goblin but does no damage.
The hobgoblin hits you. The goblin closely misses you.
The goblin hits you but does no damage. The goblin hits you with a +0 dagger.
You shoot a sling bullet.
The sling bullet closely misses the goblin.
Robin throws the goblin at you! The goblin hits you but does no damage.
The hobgoblin hits you but does no damage.
The goblin barely misses you. The goblin closely misses you.
The goblin hits you but does no damage. The goblin hits you with a +0 dagger.
The hobgoblin closely misses you. The goblin closely misses you. x2
The hobgoblin barely misses you. The goblin hits you but does no damage.
The goblin hits you with a +0 dagger. The goblin closely misses you.
You shoot a sling bullet. The sling bullet hits the goblin.
The goblin is heavily wounded.
The goblin barely misses you. The hobgoblin hits you. x2
The goblin hits you but does no damage. The goblin misses you.
The goblin hits you with a +0 dagger. The goblin hits you but does no damage.
You shoot a sling bullet.
The sling bullet closely misses the goblin.
The goblin no longer looks unusually strong. x2
The goblin barely misses you.
The hobgoblin hits you but does no damage.
The goblin hits you but does no damage. The hobgoblin misses you.
You furiously retaliate!
You headbutt the hobgoblin!
You kill the hobgoblin!
The goblin closely misses you. You furiously retaliate!
You headbutt the goblin. The goblin hits you with a +0 dagger.
You shoot a sling bullet.
The sling bullet barely misses the goblin.
The goblin no longer looks unusually strong. x2
The goblin hits you but does no damage. The goblin hits you with a +0 dagger.
The hobgoblin hits you.
You die...

#...........####
#.####...#..#
#.#.....##..#
#.#.###.##..##
#.#.#..........
##.#.#.#.##.####
#.......<..#..
#ggg....###.###
#g@g....# #
#ggg.......
#..)....###
#.......#
#........#
#####..).# .....
.....


You could see Robin, a hobgoblin (strong) and 6 goblins.

Vanquished Creatures
  An adder (D:2)
  3 dart slugs (D:1)
  2 ball pythons
  3 endoplasms
  6 goblins
  3 hobgoblins
  4 jackals (D:1)
  2 quokkas (D:1)
  7 bats
  2 frilled lizards
  8 kobolds
  5 rats (D:1)
46 creatures vanquished.

Notes
Turn   | Place    | Note
-------+----------+-------------------------------------------
     0 | D:1      | qw the Minotaur Hexslinger began the quest for the Orb.
     0 | D:1      | Reached XP level 1. HP: 16/16 MP: 1/1
     0 | D:1      | 0 ||| qw: Version: 0.3-a-52-g30416fa
     0 | D:1      | 0 ||| qw: Game counter: 7953
     0 | D:1      | 0 ||| qw: Melee chars always use a shield: true
     0 | D:1      | 0 ||| qw: God list: Okawaru
     0 | D:1      | 0 ||| qw: Allow faded altars: false
     0 | D:1      | 0 ||| qw: Do Orc after clearing Dungeon:15 true
     0 | D:1      | 0 ||| qw: Do second Lair branch before Depths: true
     0 | D:1      | 0 ||| qw: Lair rune preference: random
     0 | D:1      | 0 ||| qw: Goals: Normal
     0 | D:1      | 0 ||| PLANNING D:1-11
    81 | D:1      | Reached skill level 3 in Ranged Weapons
    87 | D:1      | Reached XP level 2. HP: 23/23 MP: 2/2
   307 | D:1      | Reached XP level 3. HP: 29/29 MP: 3/3
   517 | D:1      | 517 ||| UPGRADING to +0 ring mail.
   527 | D:1      | 527 ||| DROPPING +0 robe.
   528 | D:1      | 528 ||| DROPPING ring of flight.
   529 | D:1      | 529 ||| UPGRADING to ring of positive energy.
   530 | D:1      | 530 ||| READING scroll labelled IZYNAAGYKH.
   531 | D:1      | 531 ||| READING 2 scrolls labelled TEMODY KOSAELI.
   532 | D:1      | 532 ||| READING scroll of enchant weapon.
   532 | D:1      | 532 ||| ENCHANTING +2 sling.
   533 | D:1      | 533 ||| READING scroll labelled DUTHOH KOTUMM.
   534 | D:1      | 534 ||| DROPPING scroll of poison.
   568 | D:2      | Reached skill level 4 in Ranged Weapons
   675 | D:2      | Noticed Robin
   678 | D:2      | Reached skill level 1 in Armour
   684 | D:2      | HP: 5/29 [goblin/+0 dagger[Robin] (3)]
   686 | D:2      | HP: 2/29 [goblin/+0 dagger[Robin] (3)]
   686 | D:2      | Slain by a hobgoblin

Levels and vault maps discovered:
D:1:      sevenhm_arrival_forest_fort_small_3, layout_rooms
D:2:      layout_loops_ring, serial_park_tiny_2, uniq_robin, uniq_terence

Skill      XL: |  1  2  3 |
---------------+----------+-----
Ranged Weapons | 3 4 |  4.2
Fighting       | 2 |  2.0
Armour         | 1 |  1.0
Dodging        | |  2.1
Spellcasting   | |  1.0
Hexes          | |  2.0

Action                     || total
---------------------------++-------
   Fire: Sling             ||   116
    Use: Scroll            ||     4
 Armour: Robe              ||     4
         Ring mail         ||    19
  Dodge: Dodged            ||    37

Table legend:
 A = Non-vault XP
 B = Vault XP
 C = Vault XP percentage of total XP
 D = Non-vault monster count
 E = Vault monster count
 F = Vault count percentage of total count
                 A         B        C        D         E       F
            +---------+---------+-------+---------+---------+-------
      Total |      83 |      10 |  10.8 |      41 |       5 |  10.9
            +---------+---------+-------+---------+---------+-------
        D:1 |      57 |       0 |   0.0 |      32 |       0 |   0.0
        D:2 |      26 |      10 |  27.8 |       9 |       5 |  35.7
            +---------+---------+-------+---------+---------+-------
